 Dungeon Crawl Stone Soup version 0.31.0-12-g77e489cdc1 (webtiles) character file.

Game seed: 1976216368242556981

70 Ijustatesigmund the Digger (level 4, 0/26 HPs)
             Began as a Gargoyle Earth Elementalist on Feb 21, 2024.
             Killed by divine providence
             ... invoked by an orc priest
              (13 damage)
             ... on level 3 of the Dungeon.
             The game lasted 00:02:29 (2206 turns).

Ijustatesigmund the Digger (GrEE)                   Turns: 2206, Time: 00:02:29

Health: 0/26       AC:  5    Str: 11    XL:     4   Next: 22%
Magic:  5/7        EV: 11    Int: 18    God:
Gold:   80         SH:  0    Dex: 10    Spells: 4/8 levels left

rFire   . . .        d - +0 quarterstaff
rCold   . . .        (shield currently unavailable)
rNeg    + . .        a - +0 robe
rPois   ∞            (no helmet)
rElec   +            (no cloak)
rCorr   .            (no gloves)
SInv    .            (no boots)
Will    .....        (no amulet)
Stlth   ++           (no ring)
HPRegen 0.24/turn    (no ring)
MPRegen 0.10/turn

%: no passive effects
@: no status effects
A: sickness immunity, AC +3, negative energy resistance 1, electricity
resistance, torment resistance 1, petrification resistance
a: no special abilities


You were on level 3 of the Dungeon.
You visited 1 branch of the dungeon, and saw 3 of its levels.

You collected 80 gold pieces.

Inventory:

Hand Weapons
 d - a +0 quarterstaff (weapon)
Armour
 a - a +0 robe (worn)
Scrolls
 c - 3 scrolls of teleportation
 e - a scroll of blinking
 f - a scroll of revelation {unknown}
 h - a scroll of identify
 i - a scroll of enchant armour {unknown}
 l - a scroll of fog {unknown}
Potions
 b - a potion of magic
 g - a potion of lignification
 j - a potion of mutation {unknown}
 k - a potion of attraction {unknown}


   Skills:
 + Level 1.7 Fighting
 - Level 1.5 Dodging
 - Level 2.1 Stealth
 + Level 2.6 Spellcasting
 + Level 2.2 Conjurations
 + Level 4.3 Earth Magic


You had 4 spell levels left.
You knew the following spells:

 Your Spells              Type           Power      Damage    Failure   Level
a - Sandblast             Erth           34%        2d9       3%          1
b - Stone Arrow           Conj/Erth      28%        3d8       13%         3

Your spell library contained the following spells:

 Spells                   Type           Power      Damage    Failure   Level
 Passwall                 Erth           17%        N/A       9%          3
 Brom's Barrelling Bould  Conj/Erth      14%        2d4       41%         4
 Petrify                  Alch/Erth      10%        N/A       56%         4
 Ignite Poison            Fire/Alch      2%         N/A       86%         4
 Sticky Flame             Fire/Alch      2%         2d4       86%         4
 Irradiate                Conj/Alch      3%         3d12      96%         5
 Ignition                 Fire           1%         3d3       100%        8
 Sublimation of Blood     Necr           Unusable   N/A       N/A         2

Dungeon Overview and Level Annotations

Branches:
Dungeon (3/15)

Altars:

Shops:
D:1 *


Innate Abilities, Weirdness & Mutations

You are immune to sickness and miasma.
Your stone body is resilient. (AC +3)
You are immune to poison.
You resist negative energy. (rN+)
You are resistant to electric shocks. (rElec)
You are resistant to unholy torment.
You are immune to petrification.


Message History

You hear a shout! x2
An orc comes into view. It is wielding a +0 falchion.
The white imp gestures at you. The puff of frost misses you.
Casting: Sandblast (safe; 3% risk of failure)
Confirm with . or Enter, or press ? or * to list all spells.
You can't see any susceptible monsters within range! (Use Z to cast anyway.)
An orc comes into view. It is wielding a +0 short sword.
The orc shouts!
The orc priest shouts!
The white imp gestures at you. The puff of frost hits you.
An orc comes into view. It is wielding a +0 dagger.
The orc shouts!
The orc enters a dispersal trap!
The orc blinks! x2; The orc priest blinks!
The white imp blinks! x2; You blink.
The orc moves out of view.
Casting: Sandblast (safe; 3% risk of failure)
Confirm with . or Enter, or press ? or * to list all spells.
You can't see any susceptible monsters within range! (Use Z to cast anyway.)
The orc priest mumbles some strange prayers to Beogh against you.
Beogh smites you!
You start resting.
An orc priest is nearby!
Casting: Sandblast (safe; 3% risk of failure)
Confirm with . or Enter, or press ? or * to list all spells.
Aiming: Sandblast (safe; 3% risk of failure)
Press: ? - help, Shift-Dir - straight line, f - orc priest
Aim: an orc priest, wielding a +0 hand axe and wearing a +0 ring mail (84% to hit)
The blast of sand hits the orc priest.
The orc priest is heavily wounded.
Casting: Sandblast (safe; 3% risk of failure)
Confirm with . or Enter, or press ? or * to list all spells.
Aiming: Sandblast (safe; 3% risk of failure)
Press: ? - help, Shift-Dir - straight line, f/p - orc priest
Aim: an orc priest, wielding a +0 hand axe and wearing a +0 ring mail (heavily wounded, 84% to hit)
The blast of sand hits the orc priest.
The orc priest is severely wounded.
The orc priest mumbles some strange prayers to Beogh against you.
Beogh smites you!
Ouch! That really hurt!
You die...

. ##.#.# #.##.#..##.# ...
#.#..# #.##....P..♣
.§§o#####..### #.##.P....♣.
.o...........#####....P...~~♣
....§.o...................~~~
..(...###..o.########..♣..~~~
...§# #..#.# #....♣..~~ §..
##.#o# ##...#...~ . #.#@#
#.####♣.. #.#.# #.# #. .>..#
#.# # #.### #.# #. #.# #
#.####### #.##..... #.##.####
#........


You could see an orc priest and an orc.

Vanquished Creatures
  Jessica (D:2)
  A dart slug (D:1)
  5 endoplasms
  A giant cockroach (D:1)
  A goblin (D:1)
  4 hobgoblins
  3 jackals (D:1)
  3 quokkas
  5 ball pythons
  3 bats (D:1)
  4 kobolds
  7 rats
38 creatures vanquished.

Notes
Turn   | Place    | Note
-------+----------+-------------------------------------------
     0 | D:1      | Ijustatesigmund the Gargoyle Earth Elementalist began the
                  | quest for the Orb.
     0 | D:1      | Reached XP level 1. HP: 10/10 MP: 3/3
   122 | D:1      | Reached XP level 2. HP: 7/16 MP: 3/5
   238 | D:1      | Found a faded altar of an unknown god.
   452 | D:1      | Reached skill level 1 in Fighting
   521 | D:1      | Reached skill level 4 in Earth Magic
   595 | D:1      | Reached XP level 3. HP: 20/20 MP: 4/6
   599 | D:1      | Learned a level 3 spell: Stone Arrow
   669 | D:1      | Found Xotisch's General Store.
  1524 | D:2      | Noticed Jessica
  1541 | D:2      | Killed Jessica
  1542 | D:2      | Reached XP level 4. HP: 22/25 MP: 2/7
  2206 | D:3      | Killed from afar by an orc priest

Illustrated notes

Levels and vault maps discovered:
D:1:      sevenhm_arrival_forest_fort_small_6, layout_basic,
          shapermc_ecumenical_altar_mp_highgroup, serial_shops,
          nicolae_shop_temple_entry_statues_fountains, minivault_19
D:2:      layout_loops_corners, uniq_jessica
D:3:      layout_loops_corners, led_sif_pool, serial_bayou_pond_a

Skill      XL: |  1  2  3 |
---------------+----------+-----
Fighting       | 1 |  1.7
Earth Magic    | 4 |  4.3
Conjurations   | 2 |  2.2
Dodging        | |  1.5
Stealth        | |  2.1
Spellcasting   | |  2.6

Action                     |  1- 3 |  4- 6 || total
---------------------------+-------+-------++-------
  Melee: Quarterstaff      |    38 |     1 ||    39
   Cast: Sandblast         |    27 |    10 ||    37
    Use: Scroll            |       |     4 ||     4
   Stab: Sleeping          |       |     1 ||     1
 Armour: Robe              |    35 |     1 ||    36
  Dodge: Dodged            |    46 |     1 ||    47
